 Dungeon Crawl Stone Soup version 0.17-a0-1596-g1e86911 (webtiles) character file.

165 kroki the Slasher (level 5, -3/36 HPs)
             Began as a High Elf Chaos Knight on July 30, 2015.
             Slain by a worker ant (4 damage)
             ... on level 4 of the Dungeon.
             The game lasted 00:06:35 (3532 turns).

kroki the Slasher (High Elf Chaos Knight)           Turns: 3532, Time: 00:06:35

Health: -3/36      AC:  6    Str: 11    XL:     5   Next: 22%
Magic:  6/6        EV: 12    Int: 16    God:    Xom [.*....]
Gold:   143        SH:  0    Dex: 15    Spells: 0 memorised, 4 levels left

rFire  . . .     SeeInvis .     a - +0 falchion (chaos)
rCold  . . .     Clarity  .     b - +3 leather armour
rNeg   . . .     SustAt   +     (no shield)
rPois  .         Gourm    .     (no helmet)
rElec  .         Spirit   .     (no cloak)
rCorr  .         Warding  .     (no gloves)
rMut   .         Stasis   .     (no boots)
MR     .....                    (no amulet)
Stlth  +.........               (no ring)
                                i - ring of sustain attributes

@: lethally poisoned (-3 -> -10), not resistant to hostile enchantments, very
unstealthy
A: no striking features
a: Renounce Religion


You were on level 4 of the Dungeon.
You worshipped Xom.
You were a plaything of Xom.
You were not hungry.

You visited 1 branch of the dungeon, and saw 4 of its levels.

You collected 143 gold pieces.

Inventory:

Hand weapons
 a - a +0 falchion of chaos (weapon)
 m - a +0 blowgun
   (You took it off a kobold on level 3 of the Dungeon)
Missiles
 q - 6 poisoned needles
Armour
 b - a +3 leather armour (worn)
 e - a +0 helmet
   (You took it off Robin on level 2 of the Dungeon)
 l - a +0 ring mail
   (You found it on level 1 of the Dungeon)
Jewellery
 i - a ring of sustain attributes (left hand)
   (You found it on level 3 of the Dungeon)
Magical devices
 p - a wand of draining (8)
   (You found it on level 4 of the Dungeon)
Scrolls
 d - a scroll of teleportation
 o - 2 scrolls of identify
 u - a scroll of remove curse
Potions
 f - a potion of flight
 g - 2 potions of agility
 j - 2 potions of poison
 n - a potion of magic {unknown}
Books
 k - a book of Clouds
   (You found it on level 3 of the Dungeon)

   Spells                             Type                      Level
   a - Mephitic Cloud                 Conjuration/Poison/Air       3
   b - Conjure Flame                  Conjuration/Fire             3
   c - Poisonous Cloud                Conjuration/Poison/Air       6
   d - Freezing Cloud                 Conjuration/Ice/Air          6
   e - Ring of Flames                 Charms/Fire                  7
Comestibles
 c - 4 bread rations
 h - 2 beef jerkies
 s - a meat ration


   Skills:
 - Level 3.0 Fighting
 + Level 7.2 Long Blades
 - Level 0.8 Armour
 - Level 2.1 Dodging


You had 4 spell levels left.
You didn't know any spells.

Dungeon Overview and Level Annotations

Branches:
Dungeon (4/15)
 Temple: D:4-7

Altars:
Elyvilon
Gozag
Qazlal

Shops:
D:4 (:%

Annotations:
D:2 Sigmund
D:3 Chiseanne's ghost, average DsWn
D:4 Grinder


Message History

Found a fizzy white potion.
A giant gecko skeleton comes into view.
The giant gecko skeleton moves out of view.
Found Lyecuss's Antique Weapon Shoppe.
You hit the worker ant.
The worker ant is lightly wounded.
The worker ant closely misses you.
You closely miss the worker ant.
The worker ant is lightly wounded.
The giant gecko skeleton barely misses you.
The worker ant closely misses you.
You hit the worker ant.
The worker ant is moderately wounded.
The worker ant misses you.
The giant gecko skeleton barely misses you.
You hit the worker ant.
The worker ant is moderately wounded.
The worker ant bites you but does no damage.
The giant gecko skeleton barely misses you.
You hit the worker ant. You burn the worker ant.
The worker ant is heavily wounded.
The worker ant closely misses you.
The giant gecko skeleton closely misses you.
The worker ant barely misses you.
You hit the worker ant. You burn the worker ant.
The worker ant is severely wounded.
The giant gecko skeleton completely misses you.
The worker ant bites you.
You closely miss the worker ant.
The worker ant is severely wounded.
The giant gecko skeleton bites you. The worker ant completely misses you.
You hit the worker ant.
The worker ant flickers and vanishes!
Deactivating autopickup; reactivate with Ctrl-A.
Something bites you.
The giant gecko skeleton bites you but does no damage.
You are too injured to fight recklessly!
You are too injured to fight recklessly!
You hit something.
Nothing appears to happen.
Something bites you.
The giant gecko skeleton barely misses you.
Something bites you but does no damage.
You miss something. Something bites you. The giant gecko skeleton bites you.
You completely miss something. Something bites you! Something bites you.
You closely miss something.
The giant gecko skeleton closely misses you.
Something bites you.
* * * LOW HITPOINT WARNING * * *
The giant gecko skeleton bites you but does no damage.
Something bites you.
* * * LOW HITPOINT WARNING * * *
You are lethally poisoned!
Something poisons you!
* * * LOW HITPOINT WARNING * * *
You feel sick. Something bites you but does no damage. Something bites you.
* * * LOW HITPOINT WARNING * * *
You are more poisoned.
Something poisons you!
Drink which item? (? for menu, Esc to quit)
It was a potion of cure mutation.
It has a very clean taste.
The antennae on your head shrink away.
Xom thinks this is hilarious!
* * * LOW HITPOINT WARNING * * *
You feel sick. Something bites you.
You die... #..........# ### #.7........# ### 000 #..........# #.< 000 ##7\7.......# #.) 000 #.......... #.. 000

#..7..... ##########).
##0
#......#######...........
_#8
#.....Z{@......########..
##0 #..!...###########
#..


000 #.....## ..... #.. 000 ##...## ...... #.. 000 #.## ...... #.. 000 #..
......# ##. #########. .......5####. ........#. ............. ........#. ###
..........#.. You could see a giant gecko skeleton.

Vanquished Creatures
  An orc wizard (D:4)
  A worker ant (D:4)
  Robin (D:2)
  2 adders (D:2)
  2 worms (D:2)
  2 giant geckos
  3 orcs
  2 ball pythons
  4 giant cockroaches
  12 goblins
  13 hobgoblins
  8 jackals (D:1)
  6 bats
  A giant newt (D:1)
  5 kobolds
  6 rats
69 creatures vanquished.

Vanquished Creatures (collateral kills)
  An orc (D:4)
1 creature vanquished.

Vanquished Creatures (others)
  A hobgoblin (D:2)
  A quokka (D:2)
2 creatures vanquished.

Grand Total: 72 creatures vanquished

Notes
Turn   | Place    | Note
--------------------------------------------------------------
     0 | D:1      | kroki the High Elf Chaos Knight began the quest for the Orb.
     0 | D:1      | Reached XP level 1. HP: 16/16 MP: 2/2
    30 | D:1      | XOM: divination: detect creatures
    71 | D:1      | Reached skill level 4 in Long Blades
   119 | D:1      | XOM: god gift: grey potion
   181 | D:1      | XOM: noise
   304 | D:1      | XOM: harmless Pois miscast
   313 | D:1      | Reached XP level 2. HP: 13/21 MP: 3/3
   534 | D:1      | Reached skill level 5 in Long Blades
   548 | D:1      | XOM: confuse monster(s)
   630 | D:1      | Reached XP level 3. HP: 21/26 MP: 4/4
   768 | D:1      | XOM: silly message
   900 | D:1      | XOM: medium Conj miscast
  1060 | D:1      | XOM: harmless Chrm miscast
  1155 | D:2      | Noticed Robin
  1476 | D:2      | Killed Robin
  1647 | D:2      | Noticed Sigmund
  1934 | D:3      | Noticed Chiseanne's ghost (average DsWn)
  1985 | D:3      | XOM: harmless Conj miscast
  2059 | D:2      | Reached XP level 4. HP: 27/31 MP: 5/5
  2196 | D:2      | XOM: divination: magic mapping
  2252 | D:2      | Found an opulent altar of Gozag.
  2302 | D:2      | Reached skill level 6 in Long Blades
  2409 | D:2      | XOM: noise
  2413 | D:2      | XOM: noise
  2481 | D:2      | XOM: harmless Pois miscast
  2508 | D:2      | Found a white marble altar of Elyvilon.
  2520 | D:2      | XOM: give mutation
  2520 | D:2      | Gained mutation: You have a pair of small antennae on your head. [Xom's grace]
  2579 | D:2      | XOM: harmless Conj miscast
  3044 | D:4      | Found a stormy altar of Qazlal.
  3114 | D:4      | Noticed Grinder
  3114 | D:4      | XOM: enchant monster (good)
  3118 | D:4      | XOM: summons 2 friendly demons
  3223 | D:4      | Reached skill level 7 in Long Blades
  3223 | D:4      | Reached XP level 5. HP: 23/36 MP: 6/6
  3424 | D:4      | Found Joqum's Book Emporium.
  3435 | D:4      | Found Wiseh's Food Boutique.
  3513 | D:4      | Found Lyecuss's Antique Weapon Shoppe.
  3532 | D:4      | Lost mutation: You have a pair of small antennae on your head. [potion of cure mutation]
  3532 | D:4      | HP: 1/36 [poisoned by a worker ant]
  3532 | D:4      | Slain by a worker ant

Vault maps used:
D:1:      saegor_arrival_simple_a, minmay_strange_pillars
D:2:      grunt_gozag_statues, first_bread, elyvilon_altar_4, uniq_sigmund,
          uniq_robin
D:3:      due_unseen_surprise
D:4:      serial_shops, nicolae_shop_trees, nicolae_shop_waterfront, shop,
          nicolae_shop_window_shopping, nicolae_qazlal_eye_of_the_storm,
          uniq_grinder

Action                   |  1- 3 |  4- 6 || total
-------------------------+-------+-------++-------
Melee: Falchion          |   136 |    82 ||   218
 Fire: Blowgun           |       |     3 ||     3
  Use: Scroll            |     9 |     3 ||    12
       Potion            |     4 |     1 ||     5
 Stab: Confused          |     1 |       ||     1
       Sleeping          |     1 |       ||     1
       Distracted        |       |     2 ||     2
  Eat: Chunk             |     4 |     3 ||     7
       Beef jerky        |       |     1 ||     1
